 Dungeon Sprint DCSS version 0.29-a0-414-g5075937ec3 (webtiles) character file.

Game seed: 6745330947810360235

2900000 Zeld the Weightless Champion (level 21, -17/187 HPs)
             Began as a Djinni Monk on May 15, 2022.
             Was the Champion of Makhleb.
             Demolished by a destroyer
             ... wielding a +9 vorpal great sword
              (137 damage)
             ... in the Dungeon (Sprint VIII: "Arena of Blood").
             The game lasted 00:01:06 (29 turns).

Zeld the Weightless Champion (Djinni Monk)            Turns: 29, Time: 00:01:07

Health: -17/187    AC:  2    Str: 18    XL:     21   Next: 65%
Gold:   0          EV: 29    Int: 14    God:    Makhleb [******] SH:  0 Dex: 17

rFire   + + .      SeeInvis .   h - +∞ Axe of Woe
rCold   x . .      Faith    .   (shield currently unavailable)
rNeg    . . .      Spirit   .   a - +0 robe
rPois   ∞          Reflect  .   (no helmet)
rElec   .          Harm     .   (no cloak)
rCorr   .          Rampage  .   (no gloves)
Will    ++...      NoTele   +   (boots unavailable)
Stlth   ++++++++++              (no amulet)
HPRegen 0.41/turn               (no ring)
MPRegen 0.00/turn               (no ring)

@: death channelling, flying
A: sickness immunity, fire resistance 2, cold vulnerability 1, float, innate
caster, HP casting, extra vitality 1
a: Renounce Religion, Minor Destruction, Lesser Servant of Makhleb, Major
Destruction, Greater Servant of Makhleb


You were in the Dungeon.
You worshipped Makhleb.
Makhleb was exalted by your worship.
You visited 1 branch

Inventory:

Hand Weapons
 h - the +∞ Axe of Woe (weapon)
   (You found it in the Dungeon)
Armour
 a - a +0 robe (worn)
Scrolls
 g - a scroll of blinking
Potions
 b - a potion of ambrosia
 c - a potion of curing
 d - a potion of heal wounds
 e - a potion of haste
 f - a potion of berserk rage


   Skills:
 O Level 27 Fighting
 O Level 27 Axes
 O Level 27 Dodging
 O Level 27 Stealth
 O Level 27 Unarmed Combat
 O Level 27 Spellcasting


You had 28 spell levels left.
You knew the following spells:

 Your Spells              Type           Power      Damage    Failure   Level
a - Summon Small Mammal   Summ           100%       N/A       0%          1
b - Passwall              Tmut/Erth      63%        N/A       0%          2
c - Swiftness             Air            76%        N/A       0%          3
d - Sticky Flame          Conj/Fire      76%        2d9       0%          4
e - Petrify               Tmut/Erth      76%        N/A       0%          4
f - Manifold Assault      Tloc           76%        N/A       0%          5
g - Death Channel         Necr           38%        N/A       0%          6
h - Spellforged Servitor  Conj/Summ      38%        N/A       1%          7
i - Summon Cactus Giant   Summ           38%        N/A       0%          6
j - Ignition              Fire           38%        3d11      1%          8
Your spell library was empty.

Dungeon Overview and Level Annotations

Branches:
Dungeon (1/1)

Altars:
Makhleb


Innate Abilities, Weirdness & Mutations

You are immune to sickness and miasma.
You are immune to poison.
Your flesh is very heat resistant. (rF++)
You are vulnerable to cold. (rC-)
You float through the air rather than walking.
You learn spells naturally, not from books.
Your magical power is your life essence.
You have superior vitality. (+4 MHP)


Message History

The meat berserker is engulfed in blazing flames.
You hear a shout! x2
Your spectral meat berserker is engulfed in blazing flames.
You hear a shout!
The large bag of meat is engulfed in blazing flames.
A bag of meat comes into view. It is wielding a +9 war axe. x2
The destroyer is engulfed in blazing flames.
The destroyer hits you with a +9 vorpal great sword!!!
The destroyer bites you!
A bag of meat comes into view. It is wielding a +9 war axe.
Your spectral bag of meat is engulfed in blazing flames.
Your spectral bag of meat hits the destroyer but does no damage.
Something hits your spectral bag of meat!!!
A large bag of meat comes into view. It is wielding a +9 giant spiked club.
You hear a shout! x2
A meat berserker comes into view. It is wielding a +9 battleaxe.
Unknown command.
Press < or > to pray at altars.
Unknown command.
Press < or > to pray at altars.
Unknown command.
Press < or > to pray at altars.
Casting: Ignition (mildly dangerous; 1% risk of failure)
Confirm with . or Enter, or press ? or * to list all spells.
You summon a servant imbued with your destructive magic!
You hear a shout! x4
Your spectral meat berserker hits the destroyer but does no damage.
A meat berserker comes into view. It is wielding a +9 battleaxe.
Your spectral meat berserker hits the destroyer!
Your spectral meat berserker hits the meat berserker.
The bag of meat is engulfed in blazing flames. x2
The bag of meat hits your spectral meat berserker with a +9 war axe!!
The bag of meat is engulfed in blazing flames.
Your spectral bag of meat is engulfed in blazing flames.
Your spectral bag of meat misses the destroyer.
A large bag of meat comes into view. It is wielding a +9 giant spiked club.
The destroyer is engulfed in blazing flames.
The destroyer hits you with a +9 vorpal great sword!!!!
Ouch! That really hurt!
You die... #.○ ...# #Oo

..o# . .###.O
...###.o
.O..))###))....
....Z.._.))....
....#§Z☼..#....
. #Z)Z)_# .
...Z#ZV§9.#.O..
...O.ZZZ@..Z.Oo§
..)).)O###.Z.Zoo
.○###.o ...###O§
. #.. ...# . #o.
..o# ... ....)
.o..


You could see a destroyer (ally target), 3 large bags of meat, 4 meat
berserkers, 5 bags of meat, a friendly spellforged servitor (summoned), 3
friendly spectral bags of meat, 8 friendly spectral meat berserkers and a
friendly spectral large bag of meat.

Vanquished Creatures
  2 vampire knights (D)
  15 ogres (D)
  2 two-headed ogres (D)
  9 orcs (D)
28 creatures vanquished.

Notes
Turn   | Place    | Note
-------+----------+-------------------------------------------
     0 | D        | Found the +∞ Axe of Woe
     0 | D        | Zeld the Djinni Monk began the quest for the Orb.
     0 | D        | Reached XP level 1. HP: 20/20 MP: 0/0
     2 | D        | Noticed a bag of meat
     3 | D        | Noticed a meat berserker
     4 | D        | Became a worshipper of Makhleb the Destroyer
     4 | D        | Reached * piety under Makhleb
     4 | D        | Reached ** piety under Makhleb
     5 | D        | Noticed a bag of meat
     6 | D        | Noticed a bag of meat
     6 | D        | Noticed a bag of meat
     8 | D        | Killed a meat berserker
     8 | D        | Noticed a bag of meat
     9 | D        | Reached skill level 15 in Fighting
     9 | D        | Reached skill level 5 in Stealth
     9 | D        | Reached skill level 15 in Unarmed Combat
     9 | D        | Reached skill level 10 in Spellcasting
     9 | D        | Reached XP level 2. HP: 44/44 MP: 0/0
     9 | D        | Reached XP level 3. HP: 49/49 MP: 0/0
     9 | D        | Learned a level 1 spell: Summon Small Mammal
     9 | D        | Reached XP level 4. HP: 56/56 MP: 0/0
     9 | D        | Reached XP level 5. HP: 61/61 MP: 0/0
     9 | D        | Learned a level 2 spell: Passwall
     9 | D        | Reached XP level 6. HP: 67/67 MP: 0/0
     9 | D        | Reached XP level 7. HP: 73/73 MP: 0/0
     9 | D        | Learned a level 3 spell: Swiftness
     9 | D        | Reached XP level 8. HP: 79/79 MP: 0/0
     9 | D        | Reached XP level 9. HP: 85/85 MP: 0/0
     9 | D        | Learned a level 4 spell: Sticky Flame
     9 | D        | Reached XP level 10. HP: 92/92 MP: 0/0
     9 | D        | Reached XP level 11. HP: 97/97 MP: 0/0
     9 | D        | Learned a level 4 spell: Petrify
     9 | D        | Reached XP level 12. HP: 103/103 MP: 0/0
     9 | D        | Noticed a meat berserker
    10 | D        | Killed a bag of meat
    10 | D        | Noticed a bag of meat
    11 | D        | Reached XP level 13. HP: 104/112 MP: 0/0
    11 | D        | Learned a level 5 spell: Manifold Assault
    11 | D        | Killed a bag of meat
    11 | D        | Killed a bag of meat
    11 | D        | Reached *** piety under Makhleb
    12 | D        | Reached XP level 14. HP: 121/121 MP: 0/0
    12 | D        | Killed a meat berserker
    12 | D        | Killed a bag of meat
    12 | D        | Killed a bag of meat
    12 | D        | Reached **** piety under Makhleb
    12 | D        | Noticed a meat berserker
    12 | D        | Noticed a meat berserker
    12 | D        | Noticed a bag of meat
    13 | D        | Reached XP level 15. HP: 133/133 MP: 0/0
    13 | D        | Learned a level 6 spell: Death Channel
    13 | D        | Killed a meat berserker
    13 | D        | Killed a meat berserker
    14 | D        | Reached XP level 16. HP: 145/145 MP: 0/0
    16 | D        | Noticed a meat berserker
    18 | D        | Noticed a destroyer
    18 | D        | Noticed a meat berserker
    18 | D        | Noticed a meat berserker
    20 | D        | Killed a meat berserker
    20 | D        | Reached ***** piety under Makhleb
    20 | D        | Killed a destroyer
    20 | D        | Noticed a large bag of meat
    20 | D        | Noticed a meat berserker
    20 | D        | Noticed a meat berserker
    21 | D        | Reached XP level 17. HP: 155/155 MP: 0/0
    21 | D        | Learned a level 7 spell: Spellforged Servitor
    21 | D        | Killed a meat berserker
    21 | D        | Killed a meat berserker
    21 | D        | Killed a meat berserker
    22 | D        | Reached XP level 18. HP: 166/166 MP: 0/0
    22 | D        | Killed a large bag of meat
    22 | D        | Noticed a meat berserker
    22 | D        | Noticed a meat berserker
    23 | D        | Reached skill level 10 in Stealth
    23 | D        | Reached XP level 19. HP: 157/173 MP: 0/0
    23 | D        | Learned a level 6 spell: Summon Cactus Giant
    23 | D        | Noticed a meat berserker
    24 | D        | Noticed a meat berserker
    24 | D        | Noticed a meat berserker
    24 | D        | Noticed a large bag of meat
    25 | D        | Killed a meat berserker
    25 | D        | Reached ****** piety under Makhleb
    25 | D        | Killed a meat berserker
    25 | D        | Killed a meat berserker
    25 | D        | Noticed a meat berserker
    26 | D        | Reached skill level 27 in Fighting
    26 | D        | Reached skill level 27 in Dodging
    26 | D        | Reached skill level 27 in Unarmed Combat
    26 | D        | Reached XP level 20. HP: 181/181 MP: 0/0
    26 | D        | Killed a meat berserker
    26 | D        | Killed a meat berserker
    26 | D        | Killed a large bag of meat
    26 | D        | Killed a meat berserker
    26 | D        | Noticed a destroyer
    26 | D        | Noticed a meat berserker
    27 | D        | Reached skill level 27 in Axes
    27 | D        | Reached skill level 27 in Spellcasting
    27 | D        | Reached XP level 21. HP: 187/187 MP: 0/0
    27 | D        | Learned a level 8 spell: Ignition
    27 | D        | Noticed a destroyer
    27 | D        | Killed a meat berserker
    27 | D        | Killed a destroyer
    27 | D        | Noticed a meat berserker
    27 | D        | Noticed a large bag of meat
    28 | D        | Reached skill level 27 in Stealth
    28 | D        | Noticed a large bag of meat
    29 | D        | Noticed a meat berserker
    29 | D        | Noticed a meat berserker
    29 | D        | Noticed a large bag of meat
    29 | D        | Demolished by a destroyer

Illustrated notes

Levels and vault maps discovered:
D:        meatsprint

Skill      XL: |  1  2  3  4  5  6  7  8  9 10 11 12 13 14 15 16 17 18 19 20 21 |
---------------+----------------------------------------------------------------+-----
Fighting       | 15 17 18 21 23 24 26 27 | 27.0
Axes           | 4 6 9 13 16 20 24 27 | 27.0
Dodging        | 16 18 19 22 24 25 26 27 | 27.0
Stealth        | 5 6 7 8 9 10 11 24 27 | 27.0
Unarmed Combat | 15 16 18 20 22 24 25 26 27 | 27.0
Spellcasting   | 10 11 12 14 16 19 22 23 26 27 | 27.0

Action                   |  1- 3 |  4- 6 |  7- 9 | 10-12 | 13-15 | 16-18 | 19-21 || total
-------------------------+-------+-------+-------+-------+-------+-------+-------++-------
Melee: Executioner's axe |     1 |       |       |     1 |     7 |     7 |    11 ||    27
 Cast: Manifold Assault  |       |       |       |       |     2 |     2 |     3 ||     7
       Death Channel     |       |       |       |       |       |     2 |       ||     2
       Spellforged Servi |       |       |       |       |       |       |     1 ||     1
       Ignition          |       |       |       |       |       |       |     1 ||     1

Table legend: (Time is in decaauts)
 A = Elapsed time spent in this place.
 B = Non-inter-level travel time spent in this place.
 C = Inter-level travel time spent in this place.
 D = Time resting spent in this place.
 E = Time spent auto-exploring this place.
 F = Levels seen in this place.
 G = Mean time per level.
                   A        B        C        D        E       F      G
               +--------+--------+--------+--------+--------+-----+--------+
         Total |     31 |     31 |      0 |      2 |      0 |   1 |   31.0 |
       Dungeon |     31 |     31 |      0 |      2 |      0 |   1 |   31.0 |
               +--------+--------+--------+--------+--------+-----+--------+

Top non-repeatable levels by time:
       D: 31 daAuts
